Cogmind - Beta 14 @@@ ROGUE MODE // 2024.11.17 @ 02:16:58 Player: WazdakkaGutsmek Result: Destroyed by as-43429 with Assembled F-torch Performance ------------- Evolutions (0) 0 Regions Visited (2) 400 Robots Destroyed (17) 85 Value Destroyed (447) 447 Prototype IDs (0) 0 Alien Tech Used (0) 0 Bonus (0) 0 TOTAL SCORE: 932 Bonus ------- None Cogmind --------- Core Integrity 0/250 Matter 300/300 Energy 99/100 System Corruption 0% Temperature Cool (60) Movement Core (50) Location -10/Mines Parts ------- > --- POWER (1) -------- (None) > --- PROPULSION (2) --- (None) > --- UTILITY (2) ------ Structural Scanner > --- WEAPON (2) ------- (None) > --- INVENTORY (5) ---- Rocket Launcher Peak State ------------ > --- POWER ------------ Ion Engine > --- PROPULSION ------- Light Treads Light Treads > --- UTILITY ---------- Small Storage Unit Structural Scanner > --- WEAPON ----------- Medium Laser Welding Torch > --- INVENTORY -------- (None) [Rating: 7] Favorites ----------- Power Ion Engine Engine Ion Engine Propulsion Light Treads Treads Light Treads Leg Aluminum Leg Utility Small Storage Unit Device Structural Scanner Storage Small Storage Unit Weapon Medium Laser Energy Gun Medium Laser Ballistic Gun Light Assault Rifle Special Weapon Welding Torch Build | -11 -10 -10 ------- Run | Yrd Mat Min Slots Evolved . | . . . Power . | . . . Propulsion . | . . . Utility . | . . . Weapon . | . . . Parts Attached 8 | . 6 2 Power 1 | . 1 . Engine 1 | . 1 . Core . | . . . Reactor . | . . . Propulsion 3 | . 3 . Treads 2 | . 2 . Leg 1 | . 1 . Wheel . | . . . Hover . | . . . Flight . | . . . Utility 1 | . . 1 Device 1 | . . 1 Storage . | . . . Processor . | . . . Hackware . | . . . Protection . | . . . Artifact . | . . . Weapon 3 | . 2 1 Energy Gun 2 | . 2 . Energy Cannon . | . . . Ballistic Gun . | . . . Ballistic Cannon . | . . . Launcher . | . . . Special Weapon 1 | . . 1 Impact Weapon . | . . . Slashing Weapon . | . . . Piercing Weapon . | . . . Special Melee Weapon . | . . . Unidentified Prototypes . | . . . Parts Lost 6 | . 4 2 Power 1 | . 1 . Propulsion 2 | . 2 . Utility . | . . . Weapon 3 | . 1 2 Highest Loss Streak 4 | . 4 1 To Critical Strikes . | . . . Average Slot Usage (%) 80 | . 83 77 Engine 13 | . 13 12 Treads 14 | . 3 25 Leg 11 | . 23 . Device 2 | . . 4 Storage 13 | . 14 12 Energy Gun 12 | . 13 12 Ballistic Gun 10 | . 14 6 Special Weapon 1 | . . 2 Peak Build Rating 7 | . 6 7 Average Rating 5 | . 5 5 On Entrance 6 | 6 6 6 Naked Turns . | . . . Heaviest Build 14 | 13 13 14 Greatest Support 40 | 20 40 40 Greatest Overweight (x) 1 | . 1 . Average Overweight (x) . | . . . Largest Inventory Capacity 8 | . 8 8 Average Capacity 7 | . 8 7 Most Carried 6 | . 6 1 Average Carried 2 | . 5 . Final Capacity 8 | 8 8 5 Final Carried 6 | 6 . 1 Class Distribution -------------------- 100% | Mutant Dominant Class ---------------- Mutant | -10/Materials Mutant | -10/Mines Resources | -11 -10 -10 ----------- Run | Yrd Mat Min Matter Collected 314 | 197 97 20 Remotely . | . . . Salvage Created 562 | . 531 31 Parts 33 | . 33 . Haulers Intercepted . | . . . Recyclers Shooed . | . . . Parts Field Recycled . | . . . Retrieved Matter . | . . . Parts Self-Destructed . | . . . Prevented . | . . . Kills | -11 -10 -10 ------- Run | Yrd Mat Min Combat Hostiles Destroyed 19 | . 17 2 Guns 19 | . 17 2 Classes Destroyed 3 | . 2 1 Swarmer 6 | . 6 . Grunt 11 | . 11 . Assembled 2 | . . 2 Best Kill Streak 4 | . 4 1 Combat Bots Only 4 | . 4 1 Max Kills in Single Turn 2 | . 2 1 Gunslinging 1 | . 1 . Exploded . | . . . Melee . | . . . Uniques/NPCs Destroyed . | . . . Combat | -11 -10 -10 -------- Run | Yrd Mat Min Hostile Shots Fired 108 | . 82 26 Missed 27 | . 21 6 Damage Taken 1101 | . 631 470 Core 251 | . 116 135 Absorbed by Shields . | . . . Core Remaining (%) 100 | 100 . . Volleys Fired 72 | . 50 22 Largest 2 | . 2 2 Hottest 70 | . 70 70 Shots Fired 123 | . 99 24 Gun 114 | . 99 15 Cannon . | . . . Launcher . | . . . Special 9 | . . 9 Kinetic 51 | . 50 1 Thermal 72 | . 49 23 Explosive . | . . . Electromagnetic . | . . . Robot Hit Streak 10 | . 10 5 Robot Miss Streak 6 | . 6 2 Penetration Max . | . . . Secondary Targets 3 | . 3 . Max Gunslinging Chain 1 | . 1 . Shots Hit Robots 79 | . 64 15 Core Hits 39 | . 31 8 Critical Kills . | . . . Critical Parts Destroyed . | . . . Critical Strikes 5 | . 3 2 Burn 5 | . 3 2 Melee Attacks . | . . . Impact . | . . . Slashing . | . . . Piercing . | . . . Sneak Attacks . | . . . Combat Hostiles . | . . . Follow-up Attacks . | . . . Damage Inflicted 848 | . 700 148 Guns 827 | . 700 127 Cannons . | . . . Explosions . | . . . Melee . | . . . Ramming 5 | . . 5 Kinetic 272 | . 272 . Thermal 571 | . 428 143 Explosive . | . . . Electromagnetic . | . . . Impact . | . . . Slashing . | . . . Piercing . | . . . Highest Corruption . | . . . Average Corruption . | . . . Corruption Purged . | . . . Corruption Blocked . | . . . Overload Shots . | . . . Overflow Damage . | . . . Projectiles . | . . . Explosions . | . . . Melee . | . . . Knockbacks . | . . . Impact . | . . . Kinetic . | . . . Secondary . | . . . Self-Inflicted Damage . | . . . Shots . | . . . Rammed 4 | . . 4 Targets Rammed 4 | . . 4 Kicked . | . . . Crushed . | . . . Highest Temperature 238 | . 238 50 Average Temperature 53 | . 60 19 Received Heat Transfer 347 | . 267 80 Siege Activations . | . . . Robots Corrupted . | . . . Combat Hostiles . | . . . Parts Fried . | . . . Impact Corruptions . | . . . Robots Melted . | . . . Combat Hostiles . | . . . Parts Melted 3 | . 3 . Heat Transferred 2123 | . 1480 643 Parts Sabotaged . | . . . Parts Stolen . | . . . Parts Stripped . | . . . Power Chain Reactions . | . . . Alert | -11 -10 -10 ------- Run | Yrd Mat Min Peak Influence 342 | . 342 133 Initial 113 | . . 113 Average 133 | . 187 82 Maximum Alert Level 1 | . 1 . Low Security (%) 71 | . 42 100 Level 1 28 | . 57 . Level 2 . | . . . Level 3 . | . . . Level 4 . | . . . Level 5 . | . . . High Security . | . . . Max Security . | . . . Squads Dispatched 3 | . 3 . Investigation . | . . . Extermination . | . . . Reinforcement 3 | . 3 . Assault . | . . . Garrison . | . . . Intercept . | . . . Searches Triggered . | . . . Construction Impeded . | . . . Haulers Reinforced . | . . . Active Scanning Responses . | . . . Cargo Convoy Interrupts . | . . . Stealth | -11 -10 -10 --------- Run | Yrd Mat Min Distress Signals 3 | . 2 1 Communications Jammed . | . . . Distress Signals . | . . . Times Spotted 38 | . 26 12 Peak Tracking Total 6 | . 6 4 Tactical Retreats 6 | . 2 4 Traps | -11 -10 -10 ------- Run | Yrd Mat Min Traps Triggered 1 | . 1 . Indirectly . | . . . Trap Hack Attempts . | . . . Triggered . | . . . Disarmed . | . . . Reprogrammed . | . . . Reused . | . . . Traps Extracted . | . . . Installed . | . . . Triggered . | . . . Machines | -11 -10 -10 ---------- Run | Yrd Mat Min Machines Disabled . | . . . Max in Single Turn . | . . . Machines Repaired . | . . . Machines Dismantled . | . . . Machines Sabotaged . | . . . Overloaded Fab Kills . | . . . Hacking | -11 -10 -10 --------- Run | Yrd Mat Min Machines Accessed 6 | . 6 . Terminals 6 | . 6 . Fabricators . | . . . Repair Stations . | . . . Recycling Units . | . . . Scanalyzers . | . . . Garrison Access . | . . . Total Hacks 12 | . 12 . Successful 8 | . 8 . Failed 4 | . 4 . Catastrophic . | . . . Database Lockouts . | . . . Manual 11 | . 11 . Terminals 12 | . 12 . Fabricators . | . . . Repair Stations . | . . . Recycling Units . | . . . Scanalyzers . | . . . Garrison Access . | . . . Terminal Hacks 2 | . 2 . Record 1 | . 1 . Terminal Index 1 | . 1 . Fabricator Hacks . | . . . Repair Station Hacks . | . . . Recycling Unit Hacks . | . . . Scanalyzer . | . . . Garrison Access Hacks . | . . . Unauthorized Hacks 6 | . 6 . Terminals 6 | . 6 . Skim 6 | . 6 . Fabricators . | . . . Repair Stations . | . . . Recycling Units . | . . . Scanalyzers . | . . . Garrison Access . | . . . Data Cores Recovered . | . . . Used . | . . . Hacking Detections 1 | . 1 . Full Trace Events . | . . . Feedback Events . | . . . Feedback Blocked . | . . . Robot Schematics Acquired . | . . . Robots Built . | . . . Authchips . | . . . Time . | . . . Total Robot Build Rating . | . . . Part Schematics Acquired . | . . . Parts Built . | . . . Authchips . | . . . Time . | . . . Total Part Build Rating . | . . . Parts Repaired . | . . . Time . | . . . Parts Recycled . | . . . Recycled Matter . | . . . Retrieved Matter . | . . . Retrieved Components . | . . . Parts Scanalyzed . | . . . Part Schematics Acquired . | . . . Parts Damaged . | . . . Bothacking | -11 -10 -10 ------------ Run | Yrd Mat Min Used RIF Installer . | . . . Robots Hacked . | . . . Non-combat . | . . . Combat . | . . . Robot Hacks Applied . | . . . Relay Couplers Released . | . . . Fabnet Peak Effective % . | . . . Robots Rewired . | . . . Allies Hacked . | . . . Hacks Repelled . | . . . Allies | -11 -10 -10 -------- Run | Yrd Mat Min Total Allies . | . . . Largest Group . | . . . Highest-Rated Group . | . . . Highest-Rated Ally . | . . . Total Orders . | . . . Ally Attacks . | . . . Total Damage . | . . . Kills . | . . . Allies Corrupted . | . . . Allies Melted . | . . . Intel | -11 -10 -10 ------- Run | Yrd Mat Min Robot Analysis Total . | . . . Derelict Logs Recovered 1 | . . 1 Drone Launches . | . . . Drone Recoveries . | . . . Exploration | -11 -10 -10 ------------- Run | Yrd Mat Min Turns Passed 1163 | . 572 591 Spaces Moved 527 | 1 273 253 Core 93 | . . 93 Treads 200 | . 40 160 Legs 234 | 1 233 . Wheels . | . . . Hover . | . . . Flight . | . . . Fastest Speed 50 | 120 120 50 Average Speed 123 | 120 126 119 Slowest Speed 190 | 120 190 160 Overloaded Moves . | . . . Propulsion Burnouts . | . . . Robots Hopped . | . . . Cave-ins Triggered . | . . . Exploration Rate (%) 37 | 1 52 60 Regions Visited 2 Branch Regions 1 Pre-discovered Areas . | . . . Known Exits Taken . | . . . Unknown Exits Taken 2 | 1 1 . Scrap Searched . | . . . Spaces Dug . | . . . Terrain Destroyed . | . . . Melee . | . . . Projectile . | . . . AOE . | . . . Terrain Rammed . | . . . Walls Destroyed . | . . . Machines Disabled . | . . . Actions | -11 -10 -10 --------- Run | Yrd Mat Min Total 925 | . 411 514 Wait 309 | . 81 228 Move 525 | . 272 253 Hop . | . . . Pick Up 1 | . . 1 Fast Attach 4 | . 2 2 Attach 4 | . 4 . Detach . | . . . Swap . | . . . Drop 6 | . 2 4 Fire 72 | . 50 22 Melee . | . . . Ram . | . . . Kick . | . . . Crush 4 | . . 4 Escape Stasis . | . . . Rewire . | . . . Trap . | . . . Miscellaneous . | . . . Route ------- -11/Scrapyard -10/Materials (discovered 3 exits: [*Mat x2] / [*Min]) -10/Mines History --------- Turn | Location | Event 1 | -11/Scrapyard | Discovered new exit (range 0) 1 | -11/Scrapyard | Entered Materials 34 | -10/Materials | Discovered new exit (range 12) 261 | -10/Materials | Discovered new exit (range 11) 307 | -10/Materials | Build established: Mutant 463 | -10/Materials | Discovered new exit (range 14) 525 | -10/Materials | Lost 4 parts (1p2n1w) 573 | -10/Materials | Entered Mines 576 | -10/Mines | Assembled infested the area 918 | -10/Mines | Core integrity fell below 50% 1033 | -10/Mines | Received a Rocket Launcher from a helpful Derelict 1154 | -10/Mines | Core integrity fell below 20% 1164 | -10/Mines | Destroyed by as-43429 with Assembled F-torch Last Messages --------------- 01053_ Acquired Rocket Launcher. 01078_ as-44083 sneak attacks. 01078_ R-06 Scavenger destroyed. 01096_ Med. Laser destroyed. 01103_ K-01 Serf collects debris. 01105_ Lgt. Treads severed. 01108_ K-01 Serf collects debris. 01111_ R-06 Scavenger collects Lgt. Treads. 01112_ K-01 Serf collects debris. 01112_ as-58145 sneak attacks. 01112_ K-01 Serf destroyed. 01114_ R-06 Scavenger collects Wheel. 01115_ as-44083 sneak attacks. 01115_ Dropped Welding Torch. 01116_ Dropped Sml. Storage Unit. 01117_ Dropped Lgt. Treads. 01117_ Dropped Ion Engine. 01127_ Acquired derelict log, extracted data. Data stored: Storage entrances (x1). 01164_ Critical hit (Burn: +80). Map ----- +----------------------------------------------------+ | ??????????????????????????????????????????? | | ??????????????????????????????????????????? | | ????????????????????????????? ????????????# | | ?????????????????????????????? ?????????# | | ??????????????????????????????"" ######?## | | ??????????????????????????????"" ## | | ????????????????????????????????? | | ???????????????????????????????????# | | ????????????????????????????????????# | | ???????????????????????????????????????# | | ???????????????????????????????????????## | | ????????????????????????????????????????### | | ??????????????????????????????????????????? | | ??????????????????????????????????????????? | | ?????????????????? #####??????????????????? | | ?????????????????? #####??????????????????? | | ?????????????????? ##??????????????????? | | ?????????????????? *% ??????????????????? | | ??????????????????##=%##??????????????????? | | ????????????????#### !######??????????????? | | ???????????######### %##########??????????? | | ???????## ######## *= ######??????????? | | ???????## ### !%| ##??????????? | | ???????## !! """ ##??????????? | | ???????## % """ ##??????????? | | ???????###???## @ """ ###????????### | | ?????????????#### ###????????## | | ?????????????##### a ###?????????# | | ???????????????###### ####?????????## | | ????????????????###### ####???????????## | | ???????????????????### ###?????????????## | | ????????????????????## a#######??????????# | | ????????????????????## ! #######???????#?? | | ??????#########?????## %! #######???# ? | | ?????###########????## ######???? ? | | ????#### ###????### ! % ##????# | | ???#### """ ##???#### %%!%* ##????# | | ???### """ ##??#### #### ##?????# | | ???## % """ ##??### #### ##????# | | ???## ###?### #### ##???# | | ???## ### ####### #### ????# | | ???### #### ###### #### ????## | | ???######### ### ##### ##??### | | ????######## ## ####### ##????## | | ??????????## ## ### ####?## ##?????? | | ??????????## ## #### ##???##!##?????? | | ??????????## ### ##### ##???##*###????? | | ??????????## ###########$ $##??###%####???? | | ??????????## ######## ####??###==#####?? | | ??????????##### ##????## ####??## !! #####? | +----------------------------------------------------+ Best States ------------- Heat Dissipation 25 Energy Generation 10 Energy Capacity 250 Matter Stores 300 Matter Capacity 300 Sight Range 16 Terrain Scan Density 10 Evasion (%) 55 Recoil Reduction 2 Item Schematics ----------------- None Robot Schematics ------------------ None Fabricated ------------ Nothing Alien Tech Used ----------------- None Achievements -------------- None Challenges ------------ None Game ------ Seed MiningRefineryChip Manual? 0 Play Time 00:08:21 Cumulative 108.8 hours Start 2024.11.17 @ 02:10:41 End 2024.11.17 @ 02:16:58 Sessions 1 Manual Loads 0 Difficulty Rogue Special Mode None Game No. 93 Rogue 74 Adventurer 16 Explorer 3 Win Type - Total 8 Types 6/0/1/1/0/0/0/0/0 Lore% 23 Gallery% 61 Achievement% 57 Wizard Run 0 Options --------- Layout 2 ASCII 0 Keyboard 0 Movement Numpad Keybinds 1 Fullscreen 1 Font 24/Terminus Map View 50x44 Zoom Use 0% Tactical HUD 1 Map Filters NONE Filters NONE Steam 1 RUN: e1c5bb76-30f6-4796-ac32-b4a574686550